 Dungeon Crawl Stone Soup version 0.29-a0-598-gd8304a5bf4 (webtiles) character file.

Game seed: 14052282161564323541

392 popopop1279 the Slasher (level 6, -7/53 HPs)
             Began as a Draconian Cinder Acolyte on June 15, 2022.
             Was an Elder of Ignis.
             Mangled by Menkaure (9 damage)
             ... on level 5 of the Dungeon.
             The game lasted 00:15:10 (3865 turns).

popopop1279 the Slasher (Draconian Cinder Acolyte)  Turns: 3865, Time: 00:15:11

Health: -7/53      AC: 11    Str: 18    XL:     6   Next: 51%
Magic:  7/7        EV: 12    Int: 14    God:    Ignis [****..]
Gold:   263        SH:  0    Dex:  7    Spells: 7/7 levels left

rFire   + . .      SeeInvis .   a - -1 falchion (flame)
rCold   . . .      Faith    .   (no shield)
rNeg    . . .      Spirit   .   (body armour unavailable)
rPois   .          Reflect  .   (helmet restricted)
rElec   .          Harm     .   (no cloak)
rCorr   .          Rampage  .   (no gloves)
Will    .....                   d - +0 pair of boots
Stlth   +.........              (no amulet)
HPRegen 0.17/turn               m - +4 ring of slaying
MPRegen 0.10/turn               l - +4 ring of protection

@: rising, flying
A: AC +6, unfitting armour, cold-blooded
a: Renounce Religion, Fiery Armour, Foxfire Swarm


You were on level 5 of the Dungeon.
You worshipped Ignis.
Ignis was greatly pleased with you.
You visited 1 branch of the dungeon, and saw 5 of its levels.

You collected 263 gold pieces.

Inventory:

Hand Weapons
 a - a -1 falchion of flaming (weapon)
Armour
 d - a +0 pair of boots (worn)
Jewellery
 g - a +4 ring of evasion
 l - a +4 ring of protection (right hand)
 m - a +4 ring of slaying (left hand)
Scrolls
 b - a scroll of poison {unknown}
 c - 3 scrolls of teleportation
 f - a scroll of acquirement {unknown}
 j - a scroll of brand weapon {unknown}
 o - a scroll of silence {unknown}
 p - a scroll of torment {unknown}
 s - a scroll of identify {unknown}
Potions
 e - a potion of haste {unknown}
 h - a potion of degeneration {unknown}
 i - 3 potions of brilliance {unknown}
 k - 2 potions of ambrosia {unknown}
 n - 2 potions of lignification {unknown}
 q - a potion of might {unknown}
 r - a potion of cancellation {unknown}


   Skills:
 + Level 4.3 Fighting
 + Level 5.0 Long Blades
 + Level 3.3 Dodging
 + Level 1.1 Stealth
 + Level 1.1 Spellcasting
 + Level 3.5 Fire Magic


You had 7 spell levels left.
You didn't know any spells.
Your spell library contained the following spells:

 Spells                   Type           Power      Damage    Failure   Level
 Scorch                   Fire           20%        2d6       10%         2
 Ensorcelled Hibernation  Hex/Ice        0%         N/A       36%         2
 Dazzling Flash           Conj/Hex       0%         N/A       61%         3
 Spider Form              Tmut/Pois      0%         N/A       61%         3
 Anguish                  Hex/Necr       0%         N/A       95%         4
 Iskenderun's Mystic Bla  Conj/Tloc      0%         2d3       95%         4
 Starburst                Conj/Fire      2%         6d3       100%        6


Dungeon Overview and Level Annotations

Branches:
Dungeon (5/15)
 Temple: D:4-7

Altars:
Dithmenos
Nemelex Xobeh
Okawaru

Annotations:
D:3 Crazy Yiuf
D:4 Robin, Sigmund
D:5 Menkaure


Innate Abilities, Weirdness & Mutations

Your plain brown scales are hard. (AC +6)
You cannot fit into any form of body armour.
You are cold-blooded and may be slowed by cold attacks.


Message History

You kill the orc!
Items here: )) [[.
Things that are here:
a +0 club; a boomerang; an orc corpse
Okay, then.
Items here: )) [[.
Okay, then.
You now have 232 gold pieces (gained 17).
Things that are here:
a +0 club; a +0 leather armour; an orc corpse
Okay, then.
Found 9 gold pieces.
Found a dagger.
Found 13 gold pieces.
You now have 241 gold pieces (gained 9).
Found a scroll labelled QEFRERR BUSHA.
You now have 250 gold pieces (gained 9).
You now have 263 gold pieces (gained 13).
Menkaure, Prince of Dust comes into view.
Menkaure gestures wildly while chanting.
Menkaure seems to speed up.
You see here a scroll labelled QEFRERR BUSHA.
s - a scroll labelled QEFRERR BUSHA You hit Menkaure.
You burn Menkaure.
Menkaure is moderately damaged.
Menkaure calls on the powers of darkness!
Your body is wracked with pain!
Menkaure hits you! Menkaure barely misses you.
Menkaure attacks as you move away! Menkaure closely misses you.
Things that are here:
a +0 club; a +0 leather armour; an orc corpse Menkaure attacks as you move away!
Menkaure hits you but does no damage.
Items here: )) [[.
Things that are here:
a +0 club; a boomerang; an orc corpse Menkaure attacks as you move away!
Menkaure hits you!!
* * * LOW HITPOINT WARNING * * *
Menkaure completely misses you.
You begin to rise into the air.
Menkaure hits you!
You die...

##########
#......@.###########
#.######M#.........#
#.# #)#.#####....
#.# #)#.# # #.#
##.#.## # #.#
##.....####.# #.#
#...........# #.#
##.......####.##
##.##
#..............


You could see Menkaure (fast).

Vanquished Creatures
  A black bear (D:5)
  An ogre (D:5)
  A phantom (D:5)
  A hound (D:4)
  4 adders
  A dart slug (D:1)
  10 orcs (D:5)
  6 bats
  6 endoplasms
  2 giant cockroaches
  10 goblins
  5 hobgoblins
  3 jackals (D:1)
  4 kobolds
  A quokka (D:1)
  4 ball pythons
  5 frilled lizards
  7 rats
72 creatures vanquished.

Vanquished Creatures (others)
  10 foxfires (D:5)
10 creatures vanquished.

Grand Total: 82 creatures vanquished

Notes
Turn   | Place    | Note
-------+----------+-------------------------------------------
     0 | D:1      | popopop1279 the Draconian Cinder Acolyte began the quest
                  | for the Orb.
     0 | D:1      | Reached XP level 1. HP: 19/19 MP: 2/2
   157 | D:1      | Reached XP level 2. HP: 15/26 MP: 3/3
   635 | D:1      | Found a faded altar of an unknown god.
   918 | D:1      | Reached XP level 3. HP: 33/33 MP: 4/4
  1507 | D:2      | Reached skill level 1 in Dodging
  1526 | D:2      | Found a sparkling altar of Nemelex Xobeh.
  1550 | D:2      | Reached XP level 4. HP: 40/40 MP: 5/5
  2796 | D:3      | Found a runed translucent door.
  2797 | D:3      | Noticed Crazy Yiuf
  3046 | D:4      | Found a shadowy altar of Dithmenos.
  3072 | D:4      | Found an iron altar of Okawaru.
  3144 | D:4      | Noticed Sigmund
  3163 | D:4      | Noticed Robin
  3167 | D:5      | Entered Level 5 of the Dungeon
  3167 | D:5      | Noticed an ogre
  3172 | D:5      | Killed an ogre
  3173 | D:5      | Reached skill level 4 in Long Blades
  3173 | D:5      | Reached XP level 5. HP: 5/46 MP: 6/6
  3327 | D:5      | Noticed a black bear
  3340 | D:5      | Killed a black bear
  3341 | D:5      | Reached XP level 6. HP: 34/52 MP: 7/7
  3429 | D:5      | Reached skill level 5 in Long Blades
  3429 | D:5      | Reached skill level 1 in Stealth
  3849 | D:5      | Noticed Menkaure
  3864 | D:5      | HP: 2/53 [Menkaure (18)]
  3865 | D:5      | Mangled by Menkaure

Illustrated notes

Levels and vault maps discovered:
D:1:      roderic_chinese_lattice_arrival, layout_rooms, basic_ecumenical_altar,
          kennysheep_decorative_pillar
D:2:      layout_basic, basic_altar
D:3:      layout_loops_corners, st_stairs_7, uniq_crazy_yiuf_cottage
D:4:      layout_cave_pools, mainiacjoe_overflow_chevrons,
          nicolae_dithmenos_the_darkroom, minmay_temple_entry_waves, hex_tiny,
          uniq_robin, uniq_sigmund
D:5:      layout_loops_ring, uniq_menkaure

Skill      XL: |  1  2  3  4  5  6 |
---------------+-------------------+-----
Dodging        | 1 2 3 |  3.3
Fighting       | 4 |  4.3
Long Blades    | 4 5 |  5.0
Stealth        | 1 |  1.1
Spellcasting   | |  1.1
Fire Magic     | |  3.5

Action                   |  1- 3 |  4- 6 || total
-------------------------+-------+-------++-------
Melee: Falchion          |   168 |    97 ||   265
       Tailslap          |     9 |    11 ||    20
Invok: Foxfire Swarm     |       |     2 ||     2
       Rising Flame      |       |     1 ||     1
  Use: Potion            |       |     3 ||     3
       Scroll            |       |     1 ||     1
Armor: Skin              |    55 |    49 ||   104
Dodge: Dodged            |   125 |    53 ||   178

Table legend: (Time is in decaauts)
 A = Elapsed time spent in this place.
 B = Non-inter-level travel time spent in this place.
 C = Inter-level travel time spent in this place.
 D = Time resting spent in this place.
 E = Time spent auto-exploring this place.
 F = Levels seen in this place.
 G = Mean time per level.
                   A        B        C        D        E       F      G
               +--------+--------+--------+--------+--------+-----+--------+
         Total |   3899 |   3899 |      0 |   1010 |   1409 |   5 |  779.8 |
       Dungeon |   3899 |   3899 |      0 |   1010 |   1409 |   5 |  779.8 |
               +--------+--------+--------+--------+--------+-----+--------+

Top non-repeatable levels by time:
     D:3: 1195 daAuts
     D:1: 1009 daAuts
     D:2: 867 daAuts
     D:5: 702 daAuts
     D:4: 124 daAuts
